 Dungeon Crawl Stone Soup version 0.25-a0-1137-g7f6bfe439b (webtiles) character file.

Game seed: 4394777402789640801, levelgen mode: classic

2 Amnesiac the Shield-Bearer (level 1, -2/13 HPs)
             Began as a Deep Elf Fighter on May 23, 2020.
             Slain by a hobgoblin
             ... wielding a +0 club
              (3 damage)
             ... on level 1 of the Dungeon.
             The game lasted 00:00:32 (103 turns).

Amnesiac the Shield-Bearer (Deep Elf Fighter)        Turns: 103, Time: 00:00:32

Health: -2/13      AC:  6    Str: 13    XL:     1   Next: 25%
Magic:  3/3        EV:  6    Int: 12    God:
Gold:   0          SH:  8    Dex: 14    Spells: 0/0 levels left

rFire    . . .     SeeInvis .   h - -1 whip (curse)
rCold    . . .     Gourm    .   c - +0 kite shield
rNeg     . . .     Faith    .   b - +0 scale mail
rPois    .         Spirit   .   (no helmet)
rElec    .         Reflect  .   (no cloak)
rCorr    .         Harm     .   (no gloves)
MR       .....                  (no boots)
Stlth    ..........             (no amulet)
HPRegen  0.04/turn              (no ring)
MPRegen  0.08/turn              (no ring)

@: no status effects
A: no striking features
a: no special abilities


You were on level 1 of the Dungeon.
You were not hungry.

You visited 1 branch of the dungeon, and saw 1 of its levels.

Inventory:

Hand Weapons
 a - a +0 war axe
 h - a cursed -1 whip (weapon)
Armour
 b - a +0 scale mail (worn)
 c - a +0 kite shield (worn)
Potions
 d - a potion of might {!q}
 e - a potion of mutation {!q, unknown}
 g - a potion of stabbing {!q, unknown}
Comestibles
 f - a ration


   Skills:
 - Level 2.4 Fighting
 + Level 1.7 Axes
 - Level 2.4 Armour
 - Level 2.4 Shields


You couldn't memorise any spells.
You didn't know any spells.
Your spell library was empty.

Dungeon Overview and Level Annotations

Branches:
Dungeon (1/15)

Altars:


Message History

You barely miss the bat. You block the bat's attack.
The kobold throws a stone.
You block the stone.
You completely miss the bat. You block the bat's attack.
The bat barely misses you.
You closely miss the bat. The bat barely misses you.
You closely miss the bat. The bat hits you but does no damage. x2
You closely miss the bat. The bat hits you but does no damage.
You closely miss the bat. The bat barely misses you.
You block the kobold's attack.
You barely miss the kobold. The bat barely misses you.
A hobgoblin comes into view. It is wielding a +0 club.
You block the kobold's attack.
You closely miss the bat. The bat hits you.
The kobold hits you but does no damage.
You miss the bat. The bat hits you but does no damage.
The kobold hits you but does no damage.
Your shield and scale mail prevent you from hitting the kobold.
You block the bat's attack. The kobold barely misses you.
You completely miss the kobold. The kobold barely misses you.
You block the bat's attack. You block the bat's attack.
The kobold hits you with a +0 short sword.
You block the bat's attack. The bat hits you. You block the bat's attack.
The bat hits you but does no damage. The bat barely misses you.
You closely miss the bat. The bat hits you.
* * * LOW HITPOINT WARNING * * *
You block the bat's attack.
You miss the bat. You block the bat's attack.
Your scale mail prevents you from hitting the bat.
The bat hits you but does no damage. The bat barely misses you.
You block the bat's attack.
You closely miss the bat. The bat hits you but does no damage.
You hit the bat.
The bat is moderately wounded.
The bat barely misses you.
You hit the bat.
You kill the bat!
You hit the kobold but do no damage. The kobold barely misses you.
Your shield and scale mail prevent you from hitting the kobold.
You block the kobold's attack.
The kobold hits you with a +0 short sword.
* * * LOW HITPOINT WARNING * * *
You hit the kobold.
You kill the kobold!
You hit the hobgoblin.
The hobgoblin is lightly wounded.
The hobgoblin hits you but does no damage.
You hit the hobgoblin but do no damage.
The hobgoblin is lightly wounded.
The hobgoblin hits you but does no damage.
You barely miss the hobgoblin.
The hobgoblin is lightly wounded.
The hobgoblin hits you with a +0 club.
* * * LOW HITPOINT WARNING * * *
You closely miss the hobgoblin.
The hobgoblin is lightly wounded.
You block the hobgoblin's attack. The hobgoblin hits you with a +0 club.
* * * LOW HITPOINT WARNING * * *
Your shield and scale mail prevent you from hitting the hobgoblin.
The hobgoblin is lightly wounded.
The hobgoblin hits you with a +0 club.
You die...

... ... .. ... ...# #.# ...
## #..# #.# ####... ..###..##
#.# #.# ....... ....#...# #.#
#.# #.[....(#
......#.####.###@# #........
......#..##...##g# #......#
......##.##...##.####......#
......##.##...##...........#
.........#.....#...g.......#
####........<..............#.
.........#.....#.)...(.......
####.....##...##.......#.##..
..........#...#........#.#


You could see a hobgoblin.

Vanquished Creatures
  2 bats (D:1)
  A kobold (D:1)
3 creatures vanquished.

Notes
Turn   | Place    | Note
-------+----------+-------------------------------------------
     0 | D:1      | Amnesiac the Deep Elf Fighter began the quest for the Orb.
     0 | D:1      | Reached XP level 1. HP: 13/13 MP: 3/3
   103 | D:1      | Slain by a hobgoblin

Illustrated notes

Levels and vault maps discovered:
D:1:      dpeg_arrival_rhombus, layout_basic

Action                   || total
-------------------------++-------
Melee: Whip              ||    31
       War axe           ||     3
Armor: Scale mail        ||    22
Dodge: Dodged            ||    12
Block: Kite shield       ||    25

Table legend:
 A = Non-vault XP
 B = Vault XP
 C = Vault XP percentage of total XP
 D = Non-vault monster count
 E = Vault monster count
 F = Vault count percentage of total count
                 A         B        C        D         E       F
            +---------+---------+-------+---------+---------+-------
      Total |       3 |       0 |   0.0 |       3 |       0 |   0.0
            +---------+---------+-------+---------+---------+-------
        D:1 |       3 |       0 |   0.0 |       3 |       0 |   0.0
            +---------+---------+-------+---------+---------+-------
